Map: [TLMC14] Blackburn

Players

Maru - Winner!

  • Race: Terran Terran

Dark

  • Race: Zerg Zerg

Event: DreamHack SC2 Masters Last Chance 2022

VOD

Have the link to the VOD?

Description

Time

  • Played on: Jan. 15, 2022, 1 p.m.
  • Length: 26:11

All games in this series

Show
View Real Time Build Order
Export as new Build Order

Maru Terran - Winner!

Build Orders:  

Get SALT Encoding   

  12  0:00  SCV  
  13  0:12  SCV  
  14  0:17  Supply Depot  
  14  0:24  SCV  
  15  0:39  SCV, Barracks  
  16  0:45  Refinery  
  16  0:51  SCV  
  17  0:59  Barracks  
  17  1:03  SCV  
  18  1:15  SCV  
  19  1:28  Reaper, Orbital Command  
  20  1:36  Supply Depot  
  20  1:46  Reaper  
  21  1:54  SCV  
  22  2:05  Reaper  
  22  2:06  SCV  
  24  2:13  Command Center  
  24  2:18  SCV  
  24  2:21  Refinery  
  25  2:30  SCV  
  25  2:31  Engineering Bay  
  26  2:43  SCV  
  27  2:47  Factory  
  27  2:52  Supply Depot  
  27  2:54  Barracks Reactor  
  27  2:55  SCV  
  28  3:04  Marine  
  29  3:07  SCV  
  31  3:20  SCV  
  31  3:27  Orbital Command  
  31  3:35  SCV  
  31  3:36  Command Center  
  31  3:40  Hellion  
  34  3:44  Hellion  
  36  3:50  SCV  
  36  3:53  Barracks Tech Lab  
  36  3:54  SCV  
  37  3:55  Barracks Reactor  
  37  4:02  SCV  
  38  4:03  Hellion  
  38  4:05  Hellion  
  41  4:10  SCV  
  41  4:13  Stimpack, Marine  
  42  4:22  SCV  
  42  4:23  SCV  
  44  4:30  Starport  
  44  4:33  Supply Depot, Marine  
  44  4:34  SCV, Marine x2  
  44  4:37  Factory Tech Lab  
  48  4:39  SCV  
  49  4:46  SCV  
  49  4:49  Refinery, Orbital Command  
  49  4:51  SCV, Marine  
  52  4:53  Marine x2  
  54  5:01  Engineering Bay  
  54  5:02  Engineering Bay  
  54  5:05  SCV x2  
  56  5:09  Medivac x2  
  60  5:15  Marine x3  
  60  5:18  SCV  
  60  5:20  SCV  
  65  5:26  Terran Infantry Armor Level 1  
  65  5:30  SCV  
  65  5:32  Siege Tank  
  65  5:33  Supply Depot, SCV, Marine x2  
  72  5:40  Orbital Command  
  72  5:41  Supply Depot  
  72  5:42  SCV  
  73  5:45  SCV, Medivac  
  76  5:53  Barracks  
  76  5:54  Medivac, Barracks  
  76  5:56  Supply Depot  
  78  5:59  Barracks  
  78  6:00  SCV  
  78  6:02  SCV  
  80  6:04  Combat Shield  
  80  6:12  SCV  
  80  6:13  SCV  
  80  6:16  Supply Depot  
  80  6:17  Refinery  
  82  6:19  Siege Tank  
  82  6:20  Marine  
  82  6:23  SCV  
  87  6:28  Marine  
  87  6:29  Marine  
  87  6:31  SCV  
  87  6:32  SCV  
  90  6:35  SCV  
  90  6:37  Terran Infantry Weapons Level 1  
  90  6:38  Marine  
  92  6:43  SCV  
  92  6:44  SCV  
  92  6:46  Marine  
  98  6:51  Barracks Reactor x2  
  98  6:52  Barracks Reactor, Siege Tank  
  99  6:54  SCV  
  99  6:55  SCV  
  99  6:56  SCV  
  101  7:05  Supply Depot  
  101  7:06  SCV  
  101  7:07  SCV  
  103  7:09  Armory  
  103  7:10  Marine x3  
  103  7:11  Medivac  
  108  7:19  SCV x2  
  108  7:20  SCV  
  109  7:28  Siege Tank, Marine x3  
  109  7:37  SCV x2, Marine x3  
  109  7:38  Supply Depot  
  109  7:43  SCV  
  109  7:44  Supply Depot x2  
  115  7:46  Marine  
  115  7:48  Marine  
  117  7:59  SCV x2, Marine x6  
  117  8:03  Supply Depot  
  117  8:05  Medivac x2  
  129  8:07  Terran Infantry Armor Level 2  
  129  8:09  Supply Depot, Terran Vehicle Weapons Level 1  
  129  8:11  SCV, Refinery  
  129  8:12  Refinery  
  130  8:13  SCV  
  130  8:18  Marine x2  
  130  8:19  Marine x2  
  135  8:22  Siege Tank  
  138  8:30  SCV  
  138  8:32  SCV  
  138  8:33  Command Center  
  140  8:34  Supply Depot, SCV  
  140  8:37  Terran Infantry Weapons Level 2  
  140  8:41  Marine x5  
  142  8:42  Marine  
  142  8:43  Marine  
  148  8:51  Factory  
  148  8:54  Sensor Tower  
  148  8:56  Marine x2  
  148  8:57  Siege Tank  
  148  8:59  Marine  
  154  9:06  SCV  
  154  9:09  Supply Depot, Marine x4  
  158  9:10  Supply Depot, Marine  
  158  9:15  Marauder  
  162  9:23  Marine  
  162  9:24  Marine x2  
  165  9:32  Marine x5  
  165  9:33  Siege Tank  
  165  9:34  Factory Tech Lab  
  165  9:36  Marauder  
  171  9:47  SCV x3  
  171  9:51  Marine x4  
  171  9:52  Barracks  
  178  9:55  Barracks  
  178  9:57  Marauder, Barracks  
  178  9:59  SCV x2  
  182  10:05  Terran Vehicle Weapons Level 2  
  182  10:12  Marine  
  182  10:13  Marine x5  
  184  10:16  Planetary Fortress  
  184  10:17  Supply Depot  
  184  10:19  Marauder  
  186  10:29  Sensor Tower, Terran Infantry Armor Level 3  
  186  10:34  Marine x2  
  182  10:38  Siege Tank  
  182  10:40  Marauder  
  158  10:44  Marine x3  
  158  10:45  Siege Tank, Marine x3  
  158  10:49  Barracks Tech Lab x3  
  159  10:51  Marine  
  160  10:58  Liberator x2  
  160  11:02  Marauder  
  168  11:06  Ghost Academy  
  168  11:07  Terran Infantry Weapons Level 3  
  168  11:09  Missile Turret  
  168  11:10  Siege Tank  
  168  11:11  Concussive Shells  
  171  11:12  Marauder x2  
  171  11:14  Marauder  
  177  11:22  Marine x2  
  177  11:23  Marauder  
  181  11:29  Command Center  
  181  11:34  Marauder x2  
  175  11:40  Siege Tank  
  175  11:42  Siege Tank  
  175  11:43  Marine  
  175  11:44  Marauder x2  
  184  11:47  Marine  
  184  11:49  Medivac x2  
  184  11:52  Marine x2  
  185  11:55  Marauder x2  
  185  12:00  Marine  
  185  12:01  Marine x4  
  183  12:05  Marauder  
  183  12:06  Marauder  
  183  12:07  Refinery  
  183  12:08  Refinery, Sensor Tower  
  189  12:13  Siege Tank  
  192  12:16  Marauder x2, Marine x2  
  192  12:18  Missile Turret  
  198  12:26  Marauder  
  200  12:42  Personal Cloaking  
  200  12:43  Terran Vehicle Weapons Level 3  
  200  12:45  Command Center  
  199  13:09  Command Center  
  196  13:21  Ghost x2  
  200  13:28  Neosteel Armor  
  200  13:29  Orbital Command  
  198  13:37  Missile Turret, Command Center, Ghost x2  
  198  13:38  Sensor Tower, Orbital Command  
  199  13:44  Hi-Sec Auto Tracking  
  199  13:48  Missile Turret  
  198  13:50  Ghost  
  198  13:54  Ghost  
  189  13:55  Viking x2  
  189  14:00  SCV x2  
  186  14:05  Factory Tech Lab  
  186  14:06  Ghost  
  186  14:09  Marine  
  188  14:11  Siege Tank, Orbital Command  
  188  14:12  SCV  
  193  14:19  Ghost  
  183  14:24  SCV x3  
  183  14:25  Medivac x2, Barracks Tech Lab  
  186  14:36  SCV x3  
  186  14:43  Siege Tank  
  186  14:44  Siege Tank  
  192  14:48  SCV x3  
  192  14:50  Command Center  
  192  14:51  Nuke  
  192  14:52  Command Center  
  195  15:00  SCV  
  195  15:03  Missile Turret x2  
  195  15:04  Missile Turret  
  196  15:08  Missile Turret, Ghost  
  196  15:09  Missile Turret  
  198  15:25  Terran Vehicle And Ship Armor Level 1  
  198  15:28  Command Center  
  197  15:37  Siege Tank  
  197  15:38  Siege Tank  
  198  15:56  Ghost x2  
  199  16:16  Command Center  
  199  16:18  Command Center  
  199  16:31  Ghost x2  
  199  16:32  Liberator x2  
  197  16:34  Planetary Fortress  
  200  16:49  Planetary Fortress  
  190  16:54  Sensor Tower  
  190  16:56  Marauder x2, Marine x2  
  190  16:59  Siege Tank  
  199  17:14  Siege Tank  
  190  17:21  Medivac  
  190  17:22  Medivac  
  188  17:23  Command Center  
  188  17:24  Refinery  
  188  17:25  Refinery  
  188  17:31  Siege Tank  
  188  17:36  Sensor Tower  
  188  17:37  Terran Vehicle And Ship Armor Level 2  
  191  17:42  Planetary Fortress, Orbital Command  
  191  17:44  Missile Turret  
  191  17:49  Missile Turret  
  191  17:50  Missile Turret  
  191  17:52  Nuke  
  191  17:55  Missile Turret, Refinery  
  191  17:56  Refinery  
  186  18:05  Ghost x2  
  159  18:15  Liberator x2  
  159  18:17  Marauder x2, Marine x6  
  161  18:21  Orbital Command  
  161  18:23  Marine  
  161  18:24  Marine  
  163  18:28  Missile Turret, Siege Tank  
  166  18:34  Marine x3  
  166  18:35  Marine x2  
  166  18:37  Command Center  
  166  18:38  Marauder x2  
  166  18:40  Marine  
  166  18:41  Marine  
  177  18:49  Marine x3  
  177  18:52  Siege Tank  
  177  18:53  Marauder x2  
  187  18:58  Liberator x2  
  187  19:00  Marauder x2, Siege Tank  
  200  19:04  Nuke  
  200  19:14  Command Center  
  198  19:39  Command Center  
  198  19:45  Missile Turret  
  198  19:52  Orbital Command  
  198  19:59  Factory x2, Fusion Core  
  197  20:01  Factory  
  196  20:19  Marauder x2, Marine x6  
  196  20:20  Marauder x2  
  187  20:33  Marine x2  
  169  20:37  Marine x2  
  169  20:38  Orbital Command  
  169  20:41  Marauder x4  
  169  20:42  SCV  
  168  20:44  SCV  
  166  20:56  Siege Tank x2  
  172  21:01  Orbital Command  
  172  21:02  Marauder x2, Viking x2  
  179  21:04  Orbital Command  
  179  21:11  Orbital Command  
  175  21:14  SCV x2  
  175  21:16  SCV x4, Planetary Fortress, Orbital Command  
  158  21:28  Siege Tank  
  161  21:39  Siege Tank  
  164  21:44  Liberator x2  
  170  21:51  SCV x3  
  173  21:56  Missile Turret  
  173  21:58  Missile Turret  
  173  22:00  Siege Tank  
  149  22:11  Siege Tank  
  150  22:20  Orbital Command  
  150  22:21  SCV  
  150  22:22  SCV  
  152  22:23  Factory Tech Lab  
  152  22:24  Factory Tech Lab  
  152  22:28  Factory Tech Lab  
  152  22:32  SCV, Siege Tank  
  152  22:33  SCV x5  
  152  22:34  SCV  
  162  22:43  Siege Tank  
  161  22:57  Ghost x2  
  162  23:00  Marine x2  
  162  23:01  Marauder, Marine  
  166  23:06  SCV  
  166  23:09  Siege Tank  
  166  23:11  SCV x4  
  173  23:22  Marauder  
  173  23:23  SCV x5  
  173  23:26  Marauder  
  179  23:27  SCV x2  
  179  23:28  SCV  
  179  23:29  Refinery x2  
  179  23:30  Missile Turret  
  182  23:35  SCV  
  183  23:43  SCV x4  
  166  24:02  Siege Tank  
  166  24:08  Orbital Command  
  160  24:13  SCV x2  
  162  24:29  SCV  
  162  24:30  SCV x3, Siege Tank x2  
  172  24:34  Marine  
  173  24:40  Missile Turret  
  173  24:45  Refinery  
  173  24:47  Marine  
  173  24:48  Marauder x2  
  178  24:59  Marauder, Marine  
  182  25:00  SCV x3  
  182  25:02  SCV x2  
  183  25:17  Viking x2  
  183  25:18  SCV  
  183  25:19  SCV  
  152  25:34  Marauder x2, Marine x2  
  125  25:37  SCV x4  
  125  25:38  SCV  
  127  25:43  SCV  
Show
View Real Time Build Order
Export as new Build Order

Dark Zerg 

Build Orders: Hatch First, Lurkers 

Get SALT Encoding   

  12  0:00  Drone  
  13  0:12  Overlord  
  13  0:16  Drone  
  14  0:30  Drone x2  
  16  0:48  Hatchery  
  15  0:52  Drone  
  15  0:55  Drone  
  17  1:00  Drone  
  18  1:09  Extractor  
  17  1:14  Spawning Pool  
  17  1:17  Drone  
  17  1:20  Drone  
  18  1:29  Drone  
  19  1:43  Drone  
  20  2:00  Queen x2  
  24  2:01  Zergling x6  
  24  2:05  Spine Crawler  
  26  2:12  Metabolic Boost  
  27  2:21  Drone, Overlord  
  28  2:39  Queen  
  28  2:41  Drone x3  
  28  2:43  Queen  
  35  2:47  Overlord  
  35  3:00  Overlord  
  35  3:01  Drone  
  36  3:07  Zergling x6  
  39  3:13  Zergling x6  
  39  3:15  Queen  
  44  3:21  Drone x2  
  46  3:32  Drone  
  46  3:33  Drone  
  48  3:38  Drone x2  
  50  3:47  Drone  
  51  3:50  Drone  
  51  3:54  Drone  
  51  3:55  Drone  
  52  3:56  Overlord  
  51  4:05  Hatchery, Overlord  
  51  4:09  Queen  
  49  4:11  Evolution Chamber  
  49  4:13  Overlord  
  49  4:14  Drone  
  49  4:15  Drone x2  
  53  4:22  Drone  
  54  4:29  Drone  
  55  4:35  Drone  
  55  4:36  Drone x3  
  55  4:37  Drone x2, Zerg Ground Armor Level 1  
  61  4:41  Drone x2  
  63  4:45  Drone  
  63  4:47  Queen  
  63  4:52  Drone  
  67  4:56  Zergling x2  
  68  5:01  Baneling Nest  
  68  5:02  Drone  
  68  5:03  Extractor  
  68  5:04  Zergling x4  
  68  5:05  Zergling x2  
  70  5:08  Drone  
  70  5:09  Drone x3  
  70  5:12  Drone  
  75  5:20  Zergling x4  
  77  5:26  Queen  
  77  5:28  Hatchery  
  78  5:29  Zergling x4  
  78  5:34  Drone, Overlord  
  81  5:38  Lair  
  81  5:41  Overlord  
  81  5:42  Evolution Chamber  
  80  5:44  Drone x2  
  80  5:46  Overlord  
  82  5:51  Overlord  
  82  5:53  Overlord  
  82  5:54  Drone x2  
  84  5:59  Drone  
  84  6:01  Extractor  
  84  6:02  Extractor  
  84  6:03  Drone x2  
  85  6:09  Drone x2, Overlord  
  87  6:12  Drone  
  87  6:14  Drone, Hatchery  
  88  6:19  Zerg Melee Weapons Level 1  
  88  6:20  Drone x4  
  88  6:22  Extractor  
  90  6:28  Zergling x4  
  90  6:30  Drone x4  
  95  6:35  Zergling x4  
  95  6:36  Zergling x2, Zerg Ground Armor Level 2  
  97  6:40  Drone x2  
  97  6:43  Zergling x2  
  97  6:45  Baneling x4  
  97  6:46  Zergling x6  
  103  6:55  Zergling x6  
  103  6:56  Zergling x2  
  103  6:57  Zergling x2  
  103  7:00  Hydralisk Den  
  107  7:01  Drone x2  
  107  7:04  Baneling x3  
  107  7:05  Baneling, Zergling x6  
  107  7:06  Zergling x2  
  113  7:11  Zergling x2  
  113  7:13  Zergling x10  
  118  7:18  Zergling x4  
  116  7:29  Hydralisk x6, Grooved Spines  
  123  7:33  Hydralisk  
  123  7:37  Zergling x10  
  126  7:41  Baneling x3  
  126  7:42  Zergling x8  
  133  7:49  Hatchery, Overlord x2  
  132  7:55  Zergling x6  
  132  7:56  Zergling x2  
  132  7:58  Centrifugal Hooks  
  136  8:02  Hatchery  
  135  8:08  Zergling x12  
  141  8:13  Drone  
  141  8:14  Drone x3  
  141  8:15  Drone x5  
  150  8:22  Zergling x4  
  150  8:28  Zergling x4  
  150  8:31  Overlord  
  150  8:33  Overlord x2  
  150  8:36  Overlord  
  150  8:41  Hatchery, Muscular Augments  
  149  8:50  Zergling x20  
  149  8:53  Zerg Melee Weapons Level 2  
  159  8:56  Zerg Missile Weapons Level 1  
  159  8:59  Zergling x6  
  162  9:04  Baneling x8  
  162  9:07  Zergling x4  
  164  9:11  Drone  
  164  9:12  Drone  
  164  9:15  Zergling x10  
  171  9:18  Zergling x6  
  174  9:28  Zergling x20  
  184  9:32  Zergling x2  
  184  9:33  Baneling x4  
  184  9:34  Baneling x3  
  184  9:36  Zergling x4  
  184  9:37  Zergling x4  
  185  9:40  Overlord  
  185  9:43  Overlord  
  183  9:47  Overlord  
  183  9:48  Zergling x2  
  183  9:49  Zergling x10  
  189  10:01  Hatchery  
  189  10:03  Baneling x6  
  189  10:04  Zergling x20  
  198  10:12  Zergling x12  
  200  10:16  Baneling x10  
  200  10:20  Infestation Pit  
  199  10:24  Zergling x2  
  128  10:43  Zergling x18  
  128  10:45  Zergling x22  
  128  10:49  Zergling x4  
  139  10:50  Lurker Den  
  139  10:56  Zergling x6  
  139  10:57  Zerg Missile Weapons Level 2, Zergling x4  
  143  10:59  Drone  
  143  11:02  Hive  
  143  11:04  Zergling x10  
  149  11:05  Baneling x4  
  149  11:07  Zergling x6  
  149  11:08  Hatchery  
  151  11:13  Zergling x4  
  153  11:18  Zergling x2  
  153  11:19  Zergling x6  
  153  11:22  Drone x2  
  159  11:27  Zergling x2  
  159  11:28  Zergling x2  
  159  11:31  Zergling x2  
  159  11:32  Zergling x14  
  169  11:36  Zergling x2  
  169  11:37  Zergling x8  
  174  11:42  Drone x5  
  175  11:56  Lurker x6  
  175  11:57  Lurker  
  175  11:58  Baneling  
  182  12:04  Zergling x6  
  182  12:05  Zergling x30  
  182  12:07  Baneling x9  
  200  12:12  Hatchery  
  199  12:23  Zerg Melee Weapons Level 3  
  199  12:24  Adaptive Talons, Adrenal Glands  
  199  12:27  Baneling  
  199  12:28  Baneling x7  
  199  12:42  Zergling x2  
  200  12:50  Baneling x3, Hatchery  
  199  13:02  Zergling x2  
  199  13:04  Baneling x7  
  199  13:13  Zerg Ground Armor Level 3  
  199  13:20  Zergling x2  
  199  13:22  Seismic Spines  
  199  13:25  Zergling x6  
  199  13:39  Zergling x2  
  199  13:40  Zergling x8  
  198  13:52  Zergling x2  
  198  13:53  Zergling x22  
  193  13:59  Hydralisk x4  
  193  14:00  Zergling x16  
  193  14:01  Zergling x12  
  195  14:16  Hatchery  
  183  14:28  Zergling x18  
  190  14:36  Zergling x8  
  190  14:37  Zergling x12  
  194  14:44  Overseer  
  194  14:45  Overseer  
  190  14:46  Pneumatized Carapace  
  190  14:49  Spore Crawler  
  190  14:50  Zergling x20  
  199  14:54  Overlord  
  199  14:56  Baneling  
  199  14:58  Baneling x5  
  199  14:59  Burrow  
  200  15:00  Zergling x2, Zerg Missile Weapons Level 3  
  200  15:09  Drone, Spore Crawler  
  200  15:27  Spore Crawler  
  198  15:33  Viper x2  
  192  15:37  Drone x4  
  196  15:43  Drone x2  
  196  15:44  Drone x2  
  196  15:46  Extractor x2  
  196  15:49  Spawning Pool  
  195  15:56  Hatchery  
  191  15:59  Extractor  
  191  16:00  Baneling  
  191  16:01  Baneling x9  
  190  16:30  Drone x2  
  185  16:34  Drone  
  185  16:38  Zergling x2  
  185  16:39  Zergling x6  
  188  16:53  Zergling x26  
  199  17:02  Zergling x2  
  200  17:22  Zergling x8, Hatchery  
  200  17:27  Baneling x7  
  197  17:32  Zergling x4  
  197  17:33  Zergling x2  
  197  17:35  Hatchery  
  199  17:44  Zergling x2  
  199  17:58  Baneling x2  
  199  18:04  Zergling x10  
  196  18:05  Zergling x2  
  196  18:06  Zergling x10  
  176  18:17  Zergling x10  
  176  18:18  Zergling x48  
  195  18:26  Extractor  
  195  18:27  Zergling x4  
  196  18:30  Baneling x8  
  196  18:31  Baneling x3  
  196  18:32  Drone x4  
  200  18:38  Baneling x3  
  200  18:39  Baneling x23  
  200  18:49  Overseer  
  200  19:05  Spore Crawler  
  199  19:20  Overseer  
  199  19:25  Zergling x2  
  199  19:28  Spore Crawler  
  199  19:29  Spore Crawler  
  199  19:30  Spore Crawler  
  197  19:34  Zergling x4  
  194  19:46  Zergling x4  
  194  19:52  Extractor  
  194  19:53  Extractor  
  194  19:55  Spore Crawler  
  194  19:56  Pathogen Glands, Spine Crawler, Spire x2  
  194  19:57  Spine Crawler x2  
  187  20:00  Extractor x2  
  187  20:01  Drone x2  
  187  20:02  Drone x7, Extractor  
  187  20:03  Drone, Extractor  
  193  20:09  Drone x5  
  167  20:22  Baneling x7, Zergling x2  
  167  20:23  Zergling x8  
  167  20:27  Zergling x2  
  167  20:28  Zergling x36  
  170  20:35  Zergling x16  
  154  20:42  Zergling x26  
  155  20:43  Zergling x14  
  155  20:47  Baneling x8  
  155  20:48  Baneling x3  
  157  20:50  Zergling x14  
  157  20:53  Neural Parasite  
  157  20:55  Hydralisk x3  
  157  20:56  Hydralisk x3  
  157  20:57  Hydralisk  
  176  21:02  Hydralisk x3  
  179  21:04  Hydralisk x6  
  179  21:06  Zergling x4  
  174  21:19  Hydralisk x8  
  174  21:20  Hydralisk x2  
  189  21:34  Lurker x3  
  189  21:35  Lurker x2  
  189  21:36  Zergling x12  
  200  21:42  Overlord x5  
  200  21:43  Overseer x2, Overlord  
  200  21:45  Overseer x2  
  200  21:50  Hatchery  
  200  21:54  Zergling x2  
  193  22:06  Zergling x38  
  179  22:11  Zergling x14  
  179  22:14  Zergling x2  
  179  22:15  Zergling x12  
  172  22:17  Zergling x2  
  172  22:18  Zergling x4  
  172  22:22  Lurker x5  
  179  22:26  Hatchery  
  179  22:28  Zergling x4  
  179  22:29  Zergling x8  
  184  22:32  Hydralisk x2  
  184  22:33  Baneling x3  
  184  22:34  Baneling x4  
  184  22:36  Baneling x3, Lurker x7  
  184  22:37  Baneling x6  
  195  22:38  Zergling x6  
  183  22:55  Zergling x12  
  183  22:57  Zergling x12  
  183  23:02  Zergling x8  
  181  23:08  Hydralisk x2  
  181  23:09  Hydralisk  
  181  23:11  Hydralisk  
  186  23:14  Hydralisk x2  
  186  23:15  Hydralisk  
  186  23:30  Zergling x8  
  188  23:45  Overseer x3, Zergling x2  
  188  23:46  Zergling x4  
  171  24:01  Zergling x4  
  171  24:02  Hydralisk x3, Zergling x2  
  157  24:14  Overseer x3  
  157  24:18  Hydralisk x5  
  157  24:19  Lurker  
  157  24:20  Hatchery, Lurker x5  
  157  24:21  Baneling x7  
  169  24:25  Zergling x4  
  169  24:27  Overseer x4  
  169  24:28  Zergling x20  
  181  24:36  Zergling x10  
  186  24:39  Baneling x5  
  186  24:40  Baneling x3  
  186  24:43  Zergling x6  
  186  24:44  Zergling x4  
  188  24:53  Zergling x4  
  188  24:58  Zergling x6  
  193  25:04  Zergling x6  
  196  25:07  Hatchery  
  196  25:09  Zergling x8  
  198  25:17  Spore Crawler  
  198  25:19  Zergling x14, Spore Crawler  
  198  25:21  Zergling x2  
  200  25:23  Spore Crawler  
  200  25:27  Overseer x7  
  176  25:35  Zergling x20  
  154  25:36  Zergling x2  
  137  25:51  Zergling x4  

Tags
 
Add a new tag
Caveats
  • Supply blocks, unpowered buildings, or Contaminate may cause inaccurate times.
  • Supply counts are checked every 10 seconds.